 Dungeon Crawl Stone Soup version 0.19.5 (webtiles) character file.

1022 MovingMist the Ducker (level 8, -3/77 (79) HPs)
             Began as a Troll Monk on Apr 6, 2017.
             Slain by a gnoll
             ... wielding a +0 spear
              (7 damage)
             ... on level 7 of the Dungeon.
             The game lasted 00:09:57 (4037 turns).

MovingMist the Ducker (Troll Monk)                  Turns: 4037, Time: 00:09:58

HP:   -3/77 (79)    AC:  6    Str: 21    XL:     8   Next: 2%
MP:   7/7           EV: 13    Int:  8    God:
Gold: 203           SH:  0    Dex: 13    Spells: 0 memorised, 7 levels left

rFire  . . .     SeeInvis .     A - +0 spear of the Vestibule of Hell {vamp, Int+2} (curse)
rCold  . . .     Gourm    +     y - +0 animal skin
rNeg   . . .     Faith    .     (no shield)
rPois  .         Spirit   .     (helmet restricted)
rElec  .         Reflect  .     u - +0 cloak
rCorr  .         Harm     .     (gloves unavailable)
MR     .....                    (boots unavailable)
Stlth  +.........               C - amulet of inaccuracy (curse)
                                (no ring)
                                (no ring)

@: non-regenerating, diseased, glowing
A: unfitting armour, claws 3, fast metabolism 3, gourmand, regeneration 1,
shaggy fur 1, tough skin 2
a: no special abilities


You were on level 7 of the Dungeon.
You were not hungry.

You visited 1 branch of the dungeon, and saw 7 of its levels.

You collected 203 gold pieces.

Inventory:

Hand Weapons
 z - a cursed +0 giant club
 A - the cursed +0 spear of the Vestibule of Hell (weapon) {vamp, Int+2}
   (You found it on level 7 of the Dungeon)

   It inflicts no extra harm, but heals its wielder when it wounds a living foe.
   It affects your intelligence (+2).
   It has a curse placed upon it.
Armour
 a - a +0 robe
 u - a +0 cloak (worn)
 y - a +0 animal skin (worn)
Jewellery
 n - an uncursed amulet of guardian spirit
 C - a cursed amulet of inaccuracy (around neck)
Wands
 v - a wand of random effects (34/48)
Scrolls
 c - 7 scrolls of identify {unknown}
 d - a scroll of teleportation {unknown}
 e - 2 scrolls of amnesia {unknown}
 f - 3 scrolls of fog {unknown}
 g - 2 scrolls of random uselessness {unknown}
 h - a scroll of magic mapping {unknown}
 j - a scroll of blinking {unknown}
 m - a scroll of immolation {unknown}
 q - 2 scrolls of remove curse {unknown}
 s - 2 scrolls of noise {unknown}
Potions
 i - 4 potions of heal wounds
 l - a potion of lignification {unknown}
 p - a potion of invisibility {unknown}
 r - a potion of curing {unknown}
 t - 2 potions of flight {unknown}
 x - a potion of agility {unknown}
Comestibles
 b - 8 bread rations
 k - a meat ration
 o - 2 beef jerkies
 w - a slice of pizza
 B - 2 royal jellies


   Skills:
 + Level 4.5 Fighting
 + Level 2.1 Maces & Flails
 * Level 6.0 Dodging
 - Level 1.0 Stealth
 - Level 4.7 Unarmed Combat


You had 7 spell levels left.
You didn't know any spells.

Dungeon Overview and Level Annotations

Branches:
Dungeon (8/15)
 Temple: D:4-7         Lair: D:8-11

Altars:
Dithmenos
Ru
Sif Muna

Shops:
D:4 *


Innate Abilities, Weirdness & Mutations

You are too large for most types of armour.
You have claws for hands.
Your metabolism is lightning-fast.
You like to eat raw meat.
Your natural rate of healing is unusually fast.
You are covered in fur. (AC +1)
You have very tough skin. (AC +2)


Message History

You miss the gnoll shaman.
The gnoll shaman is severely wounded.
The gnoll shaman closely misses you.
You hit the gnoll shaman.
You feel better.
You kill the gnoll shaman!
You have reached level 8!
You miss the gnoll. The gnoll barely misses you.
The gnoll hits you but does no damage. The gnoll hits you!
* * * LOW HITPOINT WARNING * * *
The gnoll closely misses you.
You closely miss the gnoll.
The gnoll hits you from afar with a spear.
* * * LOW HITPOINT WARNING * * *
The gnoll hits you.
* * * LOW HITPOINT WARNING * * *
You hit the gnoll.
The gnoll is lightly wounded.
The gnoll hits you but does no damage.
The gnoll hits you from afar with a spear!
You die...

# ###.# .. ..#.# #. #.#.#
# # #. #.#.# .# ##
#.###.#.# ###.# .##
#.......# ....## ..##
##..###.# .....##
...####...# #.####g.....#
...'......###...@ggg.....
...###.......######[#..>#
..####...###.# # #
.###.......#.#
...........#.
.###.......#. .#
###...#.#. .#####...#.#.
.....##.....


You could see 4 gnolls.

Vanquished Creatures
  Edmund (D:4)
  A necrophage (D:7)
  2 sky beasts
  A phantom (D:7)
  An ogre (D:5)
  A scorpion (D:5)
  A crimson imp (D:5)
  A quasit (D:5)
  A gnoll shaman (D:7)
  Crazy Yiuf (D:5)
  A centaur skeleton (D:5)
  Robin (D:4)
  2 howler monkey skeletons
  12 adders
  A shadow imp (D:4)
  An ooze (D:4)
  A worm (D:2)
  3 dart slugs
  16 orcs
  A giant cockroach (D:2)
  9 hobgoblins
  6 jackals
  6 kobolds
  3 quokkas
  A ball python (D:2)
  6 bats
  2 frilled lizards
  14 goblins
  A quokka skeleton (D:4)
  7 rats
105 creatures vanquished.

Notes
Turn   | Place    | Note
-------+----------+-------------------------------------------
     0 | D:1      | MovingMist the Troll Monk began the quest for the Orb.
     0 | D:1      | Reached XP level 1. HP: 22/22 MP: 0/0
   453 | D:1      | Reached XP level 2. HP: 27/29 MP: 1/1
   917 | D:2      | Reached XP level 3. HP: 36/36 MP: 2/2
  1071 | D:2      | Reached skill level 3 in Dodging
  1414 | D:3      | Reached XP level 4. HP: 41/45 MP: 3/3
  1793 | D:3      | Reached XP level 5. HP: 38/53 MP: 4/4
  2413 | D:4      | Noticed Robin
  2428 | D:4      | Killed Robin
  2604 | D:4      | Found a shadowy altar of Dithmenos.
  2607 | D:4      | Reached skill level 4 in Dodging
  2635 | D:4      | Found a deep blue altar of Sif Muna.
  2903 | D:4      | Found Zierph's General Store.
  3009 | D:4      | Noticed Edmund
  3039 | D:4      | Killed Edmund
  3039 | D:4      | Reached XP level 6. HP: 20/61 MP: 5/5
  3215 | D:5      | Entered Level 5 of the Dungeon
  3461 | D:5      | Found a runed door.
  3556 | D:5      | Noticed Crazy Yiuf
  3564 | D:5      | Killed Crazy Yiuf
  3564 | D:5      | Reached skill level 5 in Dodging
  3564 | D:5      | Reached XP level 7. HP: 40/70 MP: 6/6
  3733 | D:5      | Found a sacrificial altar of Ru.
  3758 | D:5      | Reached skill level 1 in Maces & Flails
  3781 | D:5      | You fall through a shaft for 3 floors!
  3949 | D:7      | Got a steaming spear
  3959 | D:7      | Identified the cursed +0 spear of the Vestibule of Hell {vamp, Int+2} (You found it on level 7 of the Dungeon)
  3989 | D:7      | Reached skill level 6 in Dodging
  4034 | D:7      | Reached XP level 8. HP: 13/77 MP: 7/7
  4037 | D:7      | Slain by a gnoll

Skill      XL: |  1  2  3  4  5  6  7 |
---------------+----------------------+-----
Dodging        | 3 4 5 6 |  6.0
Fighting       | 3 4 |  4.5
Unarmed Combat | 4 |  4.7
Maces & Flails | 2 |  2.1
Stealth        | |  1.0

Action                   |  1- 3 |  4- 6 |  7- 9 || total
-------------------------+-------+-------+-------++-------
Melee: Unarmed           |    95 |   194 |    87 ||   376
       Punch             |     2 |     2 |     2 ||     6
       Spear             |       |       |    39 ||    39
  Use: Potion            |       |     1 |       ||     1
 Stab: Sleeping          |     4 |     5 |       ||     9
       Distracted        |     1 |     1 |       ||     2
  Eat: Chunk             |    15 |    23 |     1 ||    39
Armor: Robe              |    35 |    49 |       ||    84
       Animal skin       |       |    12 |    48 ||    60
Dodge: Dodged            |    54 |   121 |    64 ||   239
